 Dungeon Crawl Stone Soup version 0.24.0-123-gd5b16e6ec5 (webtiles) character file.

Game seed: 17347795776441660429, levelgen mode: deterministic

207 Descartes the Shield-Bearer (level 5, -3/28 HPs)
             Began as a Vine Stalker Fighter on Feb 5, 2020.
             Slain by a yak (8 damage)
             ... on level 3 of the Dungeon.
             The game lasted 00:04:18 (2121 turns).

Descartes the Shield-Bearer (Vine Stalker Fighter)  Turns: 2121, Time: 00:04:19

Health: -3/28      AC:  9    Str: 19    XL:     5   Next: 85%
Magic:  0/8        EV:  5    Int:  8    God:
Gold:   128        SH:  9    Dex: 14    Spells: 6/6 levels left

rFire    . . .     SeeInvis .     - Unarmed
rCold    . . .     Gourm    .   b - +0 shield
rNeg     . . .     Faith    .   e - +0 chain mail
rPois    .         Spirit   +   (no helmet)
rElec    .         Reflect  .   (no cloak)
rCorr    .         Harm     .   (no gloves)
MR       .....                  (no boots)
Stlth    ..........             j - amulet of rage
HPRegen  0.49/turn              g - ring of flight
MPRegen  0.11/turn              (no ring)

@: no status effects
A: fangs 2, regeneration 1, magic shield, antimagic bite, no potion heal 3, rot
immunity
a: Evoke Berserk Rage, Evoke Flight


You were on level 3 of the Dungeon.
You were not hungry.

You visited 1 branch of the dungeon, and saw 4 of its levels.

You collected 128 gold pieces.

Inventory:

Missiles
 k - 2 silver javelins (quivered)
 l - 19 poisoned darts
 m - 37 sling bullets
 n - 8 boomerangs
 o - 59 stones
 u - 15 arrows
Armour
 b - a +0 shield (worn)
 e - a +0 chain mail (worn)
 t - a +0 leather armour of cold resistance
Jewellery
 g - a ring of flight (left hand)
 j - an amulet of rage (around neck)
Wands
 v - a wand of random effects (16)
Scrolls
 a - 2 scrolls of remove curse {unknown}
 i - a scroll of identify {unknown}
 q - a scroll of immolation {unknown}
 r - a scroll of enchant weapon {unknown}
 s - a scroll of teleportation {unknown}
 x - a scroll of enchant armour {unknown}
Potions
 c - 2 potions of might
 h - 2 potions of heal wounds
 p - 2 potions of lignification {unknown}
 w - 2 potions of brilliance {unknown}
Comestibles
 d - 10 rations
 f - 4 chunks of flesh


   Skills:
 + Level 3.4 Fighting
 + Level 3.1 Armour
 * Level 3.7 Shields
 + Level 2.9 Unarmed Combat
 + Level 1.3 Spellcasting
 + Level 1.2 Evocations


You had 6 spell levels left.
You didn't know any spells.
Your spell library was empty.

Dungeon Overview and Level Annotations

Branches:
Dungeon (4/15)
 Temple: D:4-7

Altars:
Xom


Innate Abilities, Weirdness & Mutations

You have extremely sharp teeth.
Your natural rate of healing is unusually fast.
When hurt, damage is shared between your health and your magic reserves.
Your bite disrupts and absorbs the magic of your enemies.
Potions cannot restore your health.
You are immune to rotting.


Message History

The yak bellows!
You hit the yak. You bite the yak, but do no damage.
The yak is lightly wounded.
A centaur skeleton comes into view.
The orc priest begins to cast a cantrip, but forgets the words!
The yak gores you!
You closely miss the yak. You bite the yak, but do no damage.
The yak is lightly wounded.
An orc comes into view.
The orc priest looks satisfied for a moment.
The yak gores you!
You are too injured to fight recklessly!
Unknown command.
There is a stone staircase leading up here.
The yak gores you!
* * * LOW HITPOINT WARNING * * *
You climb upwards.
There is a stone staircase leading down here.
It was a potion of heal wounds.
That seemed strangely inert.
The yak gores you!
You die...

##...## #..♣♣♣♣♣.##.###.....
###..# #...♣♣.............#
##.####......###..........
#>...#####..#........#..#
####........#............
##....................
#....................
####.............#.##
##.@Y...........#...
#...........###.####
##...........# #....#
#...........## ####..
#############.).........# ###....
...........#..#.........# #...#..
........................###.####.
..###.###.....#...........<.#####
....#.#.......#...............###


You could see a yak.

Vanquished Creatures
  2 orc priests (D:3)
  An orc wizard (D:3)
  5 adders
  An ooze (D:3)
  A worm (D:2)
  2 dart slugs
  2 leopard geckos
  5 orcs
  4 bats
  6 giant cockroaches
  4 goblins
  7 hobgoblins
  4 jackals (D:1)
  A quokka (D:3)
  A ball python (D:3)
  2 frilled lizards
  3 kobolds
  7 rats
58 creatures vanquished.

Notes
Turn   | Place    | Note
-------+----------+-------------------------------------------
     0 | D:1      | Descartes the Vine Stalker Fighter began the quest for the
                  | Orb.
     0 | D:1      | Reached XP level 1. HP: 11/11 MP: 2/2
    91 | D:1      | Reached XP level 2. HP: 16/16 MP: 3/3
   547 | D:1      | Reached XP level 3. HP: 20/20 MP: 2/4
   907 | D:2      | Found a shimmering altar of Xom.
  1558 | D:2      | Gained mutation: Your natural rate of healing is unusually
                  | fast. [Vine Stalker growth]
  1558 | D:2      | Reached XP level 4. HP: 6/24 MP: 5/5
  1673 | D:3      | Reached skill level 1 in Spellcasting
  1673 | D:3      | Reached skill level 1 in Evocations
  1673 | D:3      | Reached XP level 5. HP: 22/28 MP: 5/7
  2114 | D:4      | Noticed a yak
  2114 | D:4      | Noticed a yak
  2114 | D:4      | Noticed a yak
  2115 | D:4      | Noticed a yak
  2121 | D:3      | Slain by a yak

Levels and vault maps discovered:
D:1:      eino_arrival_cavern_e, layout_loops_ring, minmay_misc_feat_alley,
          chequers_serial_rivers_micro_a
D:2:      layout_loops_ring, xom_teletrap_fun
D:3:      layout_rooms, first_ration, nrook_campfire, minmay_misc_feat_roman
D:4:      layout_layer_cave, tgw_trog, minmay_temple_entry_junction_2,
          chequers_serial_rivers_large_a, st_stairs_10, uniq_blork_the_orc,
          uniq_sigmund, uniq_edmund

Skill      XL: |  1  2  3  4 |
---------------+-------------+-----
Shields        | 3 |  3.7
Fighting       | 3 |  3.4
Armour         | 3 |  3.1
Spellcasting   | 1 |  1.3
Evocations     | 1 |  1.2
Unarmed Combat | |  2.9

Action                   |  1- 3 |  4- 6 || total
-------------------------+-------+-------++-------
Melee: Unarmed           |   159 |    83 ||   242
       Bite              |    48 |    32 ||    80
  Use: Potion            |       |     1 ||     1
  Eat: Chunk             |     2 |     2 ||     4
Armor: Scale mail        |    11 |       ||    11
       Chain mail        |    66 |    30 ||    96
Dodge: Dodged            |    25 |    16 ||    41
Block: Shield            |    59 |    46 ||   105
